 Dungeon Crawl Stone Soup version 0.27-a0-1529-g1e82c303ef (webtiles) character file.

Game seed: 8224431719081353918

1447 garrulousMonolith the Magician (level 9, -11/63 HPs)
             Began as a Djinni Air Elementalist on July 12, 2021.
             Was an Initiate of Ashenzari.
             Mangled by a two-headed ogre (16 damage)
             ... on level 6 of the Dungeon.
             The game lasted 00:12:31 (7599 turns).

garrulousMonolith the Magician (DjAE)               Turns: 7599, Time: 00:12:32

Health: -11/63     AC:  6    Str:  7    XL:     9   Next: 4%
Gold:   304        EV: 13    Int: 21    God:    Ashenzari [......] SH:  0 Dex: 13

rFire    + + .     SeeInvis .   h - staff of air
rCold    x . .     Faith    .   (no shield)
rNeg     . . .     Spirit   .   g - +0 leather armour
rPois    ∞         Reflect  .   (no helmet)
rElec    +         Harm     .   l - +0 cloak
rCorr    .         Rampage  .   m - +1 pair of gloves
Will     .....                  (boots unavailable)
Stlth    ++........             (no amulet)
HPRegen  0.20/turn              (no ring)
MPRegen  0.00/turn              (no ring)

@: flying
A: sickness immunity, fire resistance 2, cold vulnerability 1, float, innate
caster, hp casting, extra vitality 1
a: Renounce Religion, Curse Item


You were on level 6 of the Dungeon.
You worshipped Ashenzari.
Ashenzari was noncommittal.
You visited 2 branches of the dungeon, and saw 7 of its levels.

You collected 346 gold pieces.
You spent 42 gold pieces at shops.

Inventory:

Hand Weapons
 c - a +0 short sword of electrocution
 f - a +0 hand crossbow
 j - a +1 dagger of venom
 t - the +10 war axe "Otenokew" {pain, rF+}
   (You found it on level 6 of the Dungeon)

   In the hands of one skilled in necromantic magic, it inflicts extra damage on
   living creatures.
   rF:        It protects you from fire.
Missiles
 i - 6 curare-tipped darts (quivered)
 r - 2 throwing nets
Armour
 a - a +0 robe
 g - a +0 leather armour (worn)
 l - a +0 cloak (worn)
 m - a +1 pair of gloves (worn)
Magical Staves
 h - a staff of air (weapon)
Jewellery
 q - a +6 ring of strength
Scrolls
 k - 5 scrolls of identify
 p - a scroll of enchant weapon
 s - a scroll of enchant armour
 u - a scroll of teleportation
 x - a scroll of fog
Potions
 d - 2 potions of haste
 e - 3 potions of brilliance
 n - a potion of berserk rage
 o - a potion of ambrosia
 w - a potion of curing


   Skills:
 + Level 4.4 Fighting
 + Level 5.6 Dodging
 + Level 4.5 Stealth
 * Level 5.6 Spellcasting


You had one spell level left.
You knew the following spells:

 Your Spells              Type           Power      Damage    Failure   Level
a - Shock                 Conj/Air       100%       1d9       1%          1
b - Swiftness             Air            44%        N/A       4%          3
c - Static Discharge      Conj/Air       44%        N/A       2%          2
d - Airstrike             Air            22%        N/A       16%         4
e - Pain                  Necr           100%       1d9       1%          1
f - Call Imp              Summ           29%        N/A       2%          2
g - Wereblood             Tmut           29%        N/A       2%          2
h - Tukima's Dance        Hex            29%        N/A       4%          3
Your spell library was empty.

Dungeon Overview and Level Annotations

Branches:
Dungeon (6/15)             Temple (1/1) D:5

Altars:
Ashenzari
Cheibriados
Dithmenos
Elyvilon
Fedhas
Gozag
Hepliaklqana
Kikubaaqudgha
Makhleb
Nemelex Xobeh
Okawaru
Qazlal
Ru
Sif Muna
Trog
Uskayaw
Vehumet
Wu Jian
Yredelemnul
Zin
The Shining One

Shops:
D:6 (


Innate Abilities, Weirdness & Mutations

You are immune to sickness and miasma.
You are immune to poison.
Your flesh is very heat resistant. (rF++)
You are vulnerable to cold. (rC-)
You float through the air rather than walking.
You learn spells naturally, not from books.
Your magical power is your life essence.
You have superior vitality. (+4 HP)


Message History

You feel a surge of power!
The zap hits the scorpion.
The scorpion is almost dead.
The scorpion stings you but does no damage.
Casting: Shock (safe; 1% risk of failure)
Confirm with . or Enter, or press ? or * to list all spells.
Aiming: Shock (safe; 1% risk of failure)
Press: ? - help, Shift-Dir - straight line, f/p - scorpion
Aim: a scorpion (almost dead, 74% to hit)
You feel a surge of power!
The zap hits the scorpion.
You kill the scorpion!
Casting: Shock (safe; 1% risk of failure)
Confirm with . or Enter, or press ? or * to list all spells.
Aiming: Shock (safe; 1% risk of failure)
Press: ? - help, Shift-Dir - straight line, f - two-headed ogre
Aim: a two-headed ogre, wielding a +0 giant club and a +0 giant spiked club (88% to hit)
You feel a surge of power!
The zap hits the two-headed ogre!
The two-headed ogre is lightly wounded.
The two-headed ogre hits you with a +0 giant club!!
The two-headed ogre hits you with a +0 giant spiked club!!
* * * LOW HITPOINT WARNING * * *
Casting: Shock (safe; 1% risk of failure)
Confirm with . or Enter, or press ? or * to list all spells.
Okay, then.
Casting: Shock (safe; 1% risk of failure)
Confirm with . or Enter, or press ? or * to list all spells.
Aiming: Tukima's Dance (dangerous; 4% risk of failure)
Press: ? - help, Shift-Dir - straight line, f/p - two-headed ogre
Aim: a two-headed ogre, wielding a +0 giant club and a +0 giant spiked club (lightly wounded, chance to affect: 51%)
The +0 giant club dances into the air!
* * * LOW HITPOINT WARNING * * *
Okay, then.
Okay, then.
Okay, then.
Okay, then.
Okay, then.
As you read the scroll of summoning, it crumbles to dust.
Wisps of shadow whirl around you...
The two-headed ogre wields a +0 giant spiked club.
The two-headed ogre hits you with a +0 giant spiked club!
You die...

.....#.......#.# ..#
##...#.#..##.#.# #.#
#...#.#.......# #.#
##...#.#)###.### #.#
.....#.#.# #.# #.#
##...#.#.###.# #.#
.....#.#.....#### #.#
#....#.#.....g.h###.##
#.#....†#.#####g@O(..#
#.#..)........#5g#####
#.##..#.#.###.#gl#
..#.....#... #g.#
###.###.#######..#
.................#
...####.########.#
.................#
....#####.#######


You could see a two-headed ogre (ally target), a friendly black bear (summoned),
a friendly gnoll shaman (summoned), a friendly iguana (summoned), a friendly +0
giant club, 4 friendly gnolls and a friendly ufetubus (summoned).

Vanquished Creatures
  Grinder (D:4)
  Purgy (D:3)
  An ogre (D:4)
  A bullfrog (D:4)
  A gnoll sergeant (D:6)
  A scorpion (D:6)
  A water moccasin skeleton (D:6)
  3 hounds (D:5)
  2 gnoll shamans
  3 jellies
  4 iguanas
  5 orc wizards
  A scorpion zombie (D:5)
  2 hound skeletons
  13 gnolls
  7 adders
  A white imp (D:5)
  4 dart slugs
  12 orcs
  10 ball pythons
  5 bats
  8 endoplasms
  6 giant cockroaches
  7 goblins
  6 hobgoblins
  2 quokkas
  3 training dummies (D:6)
  3 frilled lizards
  A jackal skeleton (D:4)
  8 kobolds
  A quokka skeleton (D:4)
  3 rats
127 creatures vanquished.

Vanquished Creatures (collateral kills)
  An orc priest (D:3)
1 creature vanquished.

Grand Total: 128 creatures vanquished

Notes
Turn   | Place    | Note
-------+----------+-------------------------------------------
     0 | D:1      | garrulousMonolith the Djinni Air Elementalist began the
                  | quest for the Orb.
     0 | D:1      | Reached XP level 1. HP: 15/15 MP: 0/0
   152 | D:1      | Reached XP level 2. HP: 17/21 MP: 0/0
   819 | D:1      | Reached XP level 3. HP: 24/26 MP: 0/0
   819 | D:1      | Learned a level 1 spell: Pain
  1405 | D:2      | Reached skill level 1 in Fighting
  1619 | D:2      | Reached XP level 4. HP: 17/32 MP: 0/0
  3017 | D:3      | Noticed Purgy
  3029 | D:3      | Killed Purgy
  3030 | D:3      | Reached XP level 5. HP: 9/38 MP: 0/0
  3030 | D:3      | Learned a level 2 spell: Call Imp
  3478 | D:3      | Reached XP level 6. HP: 26/43 MP: 0/0
  3716 | D:3      | Found a faded altar of an unknown god.
  4660 | D:4      | Reached XP level 7. HP: 46/49 MP: 0/0
  4660 | D:4      | Learned a level 2 spell: Wereblood
  4843 | D:4      | Noticed Grinder
  4844 | D:4      | Paralysed by Grinder for 7 turns
  4857 | D:4      | Killed Grinder
  5366 | D:4      | Reached XP level 8. HP: 48/56 MP: 0/0
  5537 | D:5      | Entered Level 5 of the Dungeon
  5923 | D:5      | Reached skill level 5 in Dodging
  5923 | D:5      | Reached skill level 5 in Spellcasting
  6402 | D:5      | Found a staircase to the Ecumenical Temple.
  6411 | Temple   | Entered the Ecumenical Temple
  6495 | Temple   | Became a worshipper of Ashenzari the Shackled
  6875 | D:6      | Identified the +10 war axe "Otenokew" {pain, rF+}
  7263 | D:6      | Found Vox Sojiol's Firing Range.
  7274 | D:6      | Bought a throwing net for 42 gold pieces
  7477 | D:6      | Reached XP level 9. HP: 60/63 MP: 0/0
  7477 | D:6      | Learned a level 3 spell: Tukima's Dance
  7587 | D:6      | Noticed a two-headed ogre
  7599 | D:6      | Mangled by a two-headed ogre

Illustrated notes

Levels and vault maps discovered:
D:1:      doesnt_arrival_eight_statues, layout_loops_ring,
          minmay_misc_feat_cross
D:2:      layout_basic
D:3:      layout_basic, ebering_ecumenical_altar_ruins, uniq_purgy
D:4:      layout_basic, uniq_grinder
D:5:      layout_basic, temple_fountains
D:6:      layout_basic, nicolae_shop_firing_range
Temple:   kilobyte_greek_temple

Skill      XL: |  1  2  3  4  5  6  7  8 |
---------------+-------------------------+-----
Stealth        | 2 3 4 |  4.5
Fighting       | 1 2 3 4 |  4.4
Spellcasting   | 3 4 5 |  5.6
Dodging        | 3 4 5 |  5.6

Action                   |  1- 3 |  4- 6 |  7- 9 || total
-------------------------+-------+-------+-------++-------
Melee: Short sword       |       |     2 |       ||     2
       Staff             |       |     7 |     3 ||    10
       War axe           |       |       |     4 ||     4
Throw: Dart              |       |     3 |     1 ||     4
 Cast: Shock             |    59 |    99 |    89 ||   247
       Static Discharge  |     4 |     7 |    44 ||    55
       Call Imp          |       |     2 |       ||     2
       Swiftness         |       |     2 |     1 ||     3
       Tukima's Dance    |       |       |     1 ||     1
  Use: Potion            |       |       |     2 ||     2
       Scroll            |       |       |     1 ||     1
Armor: Robe              |     4 |       |       ||     4
       Leather armour    |       |     5 |    16 ||    21
Dodge: Dodged            |    10 |    18 |    49 ||    77

Table legend: (Time is in decaauts)
 A = Elapsed time spent in this place.
 B = Non-inter-level travel time spent in this place.
 C = Inter-level travel time spent in this place.
 D = Time resting spent in this place.
 E = Time spent auto-exploring this place.
 F = Levels seen in this place.
 G = Mean time per level.
                   A        B        C        D        E       F      G
               +--------+--------+--------+--------+--------+-----+--------+
         Total |   7602 |   7363 |    239 |   1559 |   5029 |   7 | 1086.0 |
       Dungeon |   7422 |   7201 |    221 |   1559 |   4909 |   6 | 1237.0 |
        Temple |    179 |    161 |     18 |      0 |    120 |   1 |  179.0 |
               +--------+--------+--------+--------+--------+-----+--------+

Top non-repeatable levels by time:
     D:4: 1653 daAuts
     D:3: 1464 daAuts
     D:2: 1353 daAuts
     D:1: 1274 daAuts
     D:5: 890 daAuts
     D:6: 785 daAuts
  Temple: 179 daAuts
